 Dungeon Crawl Stone Soup version 0.32-a0-306-gfed3edf829 (webtiles) character file.

Game seed: 16755786494425398367

27 Strat the Chopper (level 2, -1/26 HPs)
             Began as a Minotaur Gladiator on Feb 14, 2024.
             Slain by a goblin
             ... wielding a +0 dagger
              (3 damage)
             ... on level 1 of the Dungeon.
             The game lasted 00:00:55 (245 turns).

Strat the Chopper (Minotaur Gladiator)               Turns: 245, Time: 00:00:56

Health: -1/26      AC:  3    Str: 18    XL:     2   Next: 93%
Magic:  1/1        EV: 12    Int:  5    God:
Gold:   32         SH:  0    Dex: 11    Spells: 1/1 levels left

rFire   . . .        a - +0 war axe
rCold   . . .        (no shield)
rNeg    . . .        f - +0 leather armour
rPois   .            c - +0 hat
rElec   .            (no cloak)
rCorr   .            (no gloves)
SInv    .            (no boots)
Will    .....        (no amulet)
Stlth   +            (no ring)
HPRegen 0.24/turn    (no ring)
MPRegen 0.07/turn

%: no passive effects
@: no status effects
A: horns 2, retaliatory headbutt
a: no special abilities


You were on level 1 of the Dungeon.
You visited 1 branch of the dungeon, and saw 1 of its levels.

You collected 32 gold pieces.

Inventory:

Hand Weapons
 a - a +0 war axe (weapon)
 b - a +0 orcbow
Missiles
 d - 3 throwing nets (quivered)
 e - a javelin
Armour
 c - a +0 hat (worn)
 f - a +0 leather armour (worn)
Scrolls
 h - a scroll of blinking {unknown}
Potions
 g - a potion of curing {unknown}


   Skills:
 + Level 3.1 Fighting
 * Level 4.6 Axes
 - Level 2.0 Throwing
 - Level 3.2 Dodging


You had one spell level left.
You didn't know any spells.
Your spell library was empty.

Dungeon Overview and Level Annotations

Branches:
Dungeon (1/15)

Altars:


Innate Abilities, Weirdness & Mutations

You have a pair of horns on your head.
You reflexively headbutt those who attack you in melee.


Message History

The bat misses you.
The kobold throws a stone.
The stone hits you but does no damage. The bat closely misses you.
The kobold throws a stone.
The stone hits you but does no damage.
A kobold comes into view. It is wielding a +0 whip.
The kobold shouts!
The bat hits you but does no damage. The bat closely misses you.
You slash the bat!
You kill the bat!
The kobold throws a stone.
The stone closely misses you.
A goblin comes into view. It is wielding a +0 dagger.
The goblin shouts!
The kobold barely misses you. You furiously retaliate!
You headbutt the kobold.
You kill the kobold!
The kobold attacks as it pursues you!
The kobold hits you with a +0 short sword.
* * * LOW HITPOINT WARNING * * *
The kobold hits you with a +0 short sword.
* * * LOW HITPOINT WARNING * * *
The kobold throws a stone.
The stone misses you.
Found 3 gold pieces.
The goblin hits you with a +0 dagger.
* * * LOW HITPOINT WARNING * * *
The kobold attacks as it pursues you! The kobold completely misses you.
You furiously retaliate!
You headbutt the kobold. The goblin barely misses you.
A hobgoblin comes into view.
The hobgoblin shouts!
The hobgoblin hits you.
* * * LOW HITPOINT WARNING * * *
You closely miss the hobgoblin. The hobgoblin closely misses you.
The hobgoblin hits you.
* * * LOW HITPOINT WARNING * * *
The goblin hits you but does no damage.
You closely miss the hobgoblin. You headbutt the hobgoblin.
The hobgoblin is heavily wounded.
You barely miss the kobold. You hit the goblin. The kobold closely misses you.
The gnoll misses you.
The hobgoblin hits you but does no damage.
The goblin hits you with a +0 dagger.
You die...

#.#..####..#.........#.#
###.#..####..######..#.#.#
#..).......... ...#.# #
#......##### #.......#
........## #
.........###########.#.#
.##.##.........K.......# .
#.##.....J.Kgg@g...#
#.....##############
###$..# .....# ......#
######


You could see a gnoll, an endoplasm, a hobgoblin, a goblin and 2 kobolds.

Vanquished Creatures
  A dart slug (D:1)
  A bat (D:1)
  A giant cockroach (D:1)
  A goblin (D:1)
  A hobgoblin (D:1)
  4 jackals (D:1)
  2 kobolds (D:1)
  A frilled lizard (D:1)
  A rat (D:1)
13 creatures vanquished.

Notes
Turn   | Place    | Note
-------+----------+-------------------------------------------
     0 | D:1      | Strat the Minotaur Gladiator began the quest for the Orb.
     0 | D:1      | Reached XP level 1. HP: 18/18 MP: 0/0
     2 | D:1      | Noticed a draconian
     4 | D:1      | Noticed a gargoyle
     4 | D:1      | Noticed an oni
     6 | D:1      | Noticed a minotaur
     8 | D:1      | Noticed an elf
     8 | D:1      | Noticed a djinni
    10 | D:1      | Noticed a demigod
    10 | D:1      | Noticed a felid
    12 | D:1      | Noticed a formicid
    12 | D:1      | Noticed a dwarf
    14 | D:1      | Noticed a naga
    16 | D:1      | Noticed an armataur
    16 | D:1      | Noticed a demonspawn
    18 | D:1      | Noticed a tengu
    18 | D:1      | Noticed a barachi
    20 | D:1      | Noticed a human
    20 | D:1      | Noticed a troll
    22 | D:1      | Noticed a spriggan
    22 | D:1      | Noticed a vampire
    24 | D:1      | Noticed a merfolk
    24 | D:1      | Noticed an octopode
    26 | D:1      | Noticed a ghoul
    26 | D:1      | Noticed a vine stalker
    49 | D:1      | Reached skill level 4 in Axes
   102 | D:1      | Reached XP level 2. HP: 25/25 MP: 1/1
   244 | D:1      | HP: 1/26 [hobgoblin (2)]
   245 | D:1      | Slain by a goblin

Illustrated notes

Levels and vault maps discovered:
D:1:      kb_arrival_jail, layout_loops_ring

Skill      XL: |  1  2 |
---------------+-------+-----
Axes           | 4 |  4.6
Fighting       | 3 |  3.1
Throwing       | |  2.0
Dodging        | |  3.2

Action                     || total
---------------------------++-------
  Melee: War axe           ||    14
         Headbutt          ||     3
   Fire: Orcbow            ||    10
 Armour: Leather armour    ||    36
  Dodge: Dodged            ||    43

Table legend: (Time is in decaauts)
 A = Elapsed time spent in this place.
 B = Non-inter-level travel time spent in this place.
 C = Inter-level travel time spent in this place.
 D = Time resting spent in this place.
 E = Time spent auto-exploring this place.
 F = Levels seen in this place.
 G = Mean time per level.
                   A        B        C        D        E       F      G
               +--------+--------+--------+--------+--------+-----+--------+
         Total |    253 |    253 |      0 |      0 |    114 |   1 |  253.0 |
       Dungeon |    253 |    253 |      0 |      0 |    114 |   1 |  253.0 |
               +--------+--------+--------+--------+--------+-----+--------+

Top non-repeatable levels by time:
     D:1: 253 daAuts
